 Dungeon Crawl Stone Soup version 0.23-a0-404-g0063841 (webtiles) character file.

16594 Azzok the Arsonist (level 12, -5/66 HPs)
             Began as an Octopode Fire Elementalist on Nov 5, 2018.
             Was an Elder of Vehumet.
             Slain by a six-headed hydra (18 damage)
             ... on level 1 of the Lair of Beasts.
             The game lasted 00:28:52 (13730 turns).

Azzok the Arsonist (Octopode Fire Elementalist)    Turns: 13730, Time: 00:28:53

Health: -5/66      AC:  1    Str:  7    XL:     12   Next: 39%
Magic:  26/26      EV: 13    Int: 21    God:    Vehumet [****..]
Gold:   502        SH:  0    Dex: 14    Spells: 15/32 levels left

rFire    + . .     SeeInvis .   a - staff of fire
rCold    . . .     Gourm    .   (no shield)
rNeg     . . .     Faith    .   j - +0 hat {MR+}
rPois    .         Spirit   .   e - amulet of regeneration
rElec    .         Reflect  .   p - ring of resist corrosion
rCorr    +         Harm     .   (no ring)
MR       +....                  (no ring)
Stlth    +++.......             (no ring)
HPRegen  0.61/turn              (no ring)
MPRegen  0.20/turn              (no ring)
                                (no ring)
                                (no ring)

@: about to teleport
A: almost no armour, stealthy swim, amphibious, 8 rings, constrict 8, camouflage
1, gelatinous body 1
a: Renounce Religion


You were on level 1 of the Lair of Beasts.
You worshipped Vehumet.
Vehumet was greatly pleased with you.
You were very hungry.

You visited 3 branches of the dungeon, and saw 14 of its levels.

You collected 502 gold pieces.

Inventory:

Hand Weapons
 b - a +2 trident of venom
Armour
 j - a +0 hat of magic resistance (worn)
Magical Staves
 a - an uncursed staff of fire (weapon)
Jewellery
 e - an amulet of regeneration (around mantle)
 p - a ring of resist corrosion (left tentacle)
Wands
 D - a wand of iceblast (5)
Scrolls
 f - 2 scrolls of immolation
 i - 2 scrolls of fog
 m - 3 scrolls of identify
 o - 2 scrolls of magic mapping
 r - 3 scrolls of enchant armour
 u - 2 scrolls of amnesia {unknown}
 y - a scroll of noise {unknown}
 z - 3 scrolls of remove curse
 A - a scroll of brand weapon {unknown}
 B - a scroll of enchant weapon {unknown}
Potions
 c - 2 potions of might {unknown}
 d - 2 potions of ambrosia {unknown}
 g - a potion of magic {unknown}
 h - 2 potions of flight {unknown}
 k - a potion of lignification {unknown}
 l - 3 potions of heal wounds {unknown}
 n - 8 potions of curing {unknown}
 t - a potion of degeneration {unknown}
 v - 2 potions of haste
 w - 3 potions of invisibility {unknown}
Comestibles
 x - 24 rations


   Skills:
 - Level 2.0 Dodging
 - Level 2.7 Stealth
 + Level 10.7 Spellcasting
 + Level 11.5 Conjurations
 + Level 11.8 Fire Magic


You had 15 spell levels left.
You knew the following spells:

 Your Spells              Type           Power        Failure   Level  Hunger
a - Flame Tongue          Conj/Fire      #####        1%          1    None
b - Conjure Flame         Conj/Fire      ######..     1%          3    None
c - Sticky Flame          Conj/Fire      ######..     1%          4    ##.....
d - Fireball              Conj/Fire      ######....   1%          5    ####...
e - Fulminant Prism       Conj/Hex       #####.....   1%          4    ##.....

Your spell library contained the following spells:

 Spells                   Type           Power        Failure   Level  Hunger
 Stone Arrow              Conj/Erth      #####.       1%          3    None
 Magic Dart               Conj           ####         1%          1    None
 Searing Ray              Conj           ######       1%          2    None
 Throw Flame              Conj/Fire      ######       1%          2    None
 Dazzling Spray           Conj/Hex       #####.       1%          3    None
 Inner Flame              Hex/Fire       ######..     1%          3    None
 Force Lance              Conj/Tloc      #####...     1%          4    ##.....
 Iskenderun's Mystic Bla  Conj           ######..     1%          4    ##.....
 Animate Skeleton         Necr           N/A          6%          1    None
 Apportation              Tloc           ##....       6%          1    None
 Pain                     Necr           ##..         6%          1    None
 Summon Butterflies       Summ           ##......     6%          1    None
 Lesser Beckoning         Tloc           ##........   19%         3    None
 Regeneration             Chrm/Necr      ##........   19%         3    None
 Tukima's Dance           Hex            ##......     19%         3    None
 Vampiric Draining        Necr           ##........   19%         3    None
 Animate Dead             Necr           N/A          52%         4    ##.....
 Alistair's Intoxication  Tmut/Pois      ##......     86%         5    ####...
 Invisibility             Hex            ##......     100%        6    ######.


Dungeon Overview and Level Annotations

Branches:
Dungeon (12/15)            Temple (1/1) D:5            Lair (1/6) D:11
    Orc (0/2) D:12

Altars:
Ashenzari
Cheibriados
Dithmenos
Elyvilon
Fedhas
Gozag
Hepliaklqana
Kikubaaqudgha
Makhleb
Nemelex Xobeh
Okawaru
Qazlal
Ru
Sif Muna
Trog
Uskayaw
Vehumet
Wu Jian
Xom
Yredelemnul
Zin
The Shining One

Shops:
D:10 (   D:11 *

Annotations:
D:5 3 runed doors, Tenar's ghost, novice DEFE; galech's ghost, novice DsFi
D:9 1 runed door


Innate Abilities, Weirdness & Mutations

You cannot wear most types of armour.
You are very stealthy in the water. (Stealth+)
You are amphibious.
You can wear up to eight rings at the same time.
You can use your tentacles to constrict eight enemies at once.
Your skin changes colour to match your surroundings (Stealth+).
Your rubbery body absorbs attacks. (AC +1, EV +1)


Message History

* * * LOW MAGIC WARNING * * *
A wyvern skeleton comes into view.
You climb upwards.
There is a stone staircase leading down here.
You are feeling very hungry.
Done exploring.
Unknown command.
Okay, then.
There is an open door here.
There is a staircase to the Lair here.
You climb downwards.
Welcome back to the Lair of Beasts!
The six-headed hydra bites you. The six-headed hydra misses you.
The six-headed hydra bites you. The six-headed hydra bites you! x3
There is a staircase back to the Dungeon, spattered with blood here.
As you read the scroll of teleportation, it crumbles to dust.
You feel strangely unstable. The six-headed hydra bites you.
The six-headed hydra bites you!
* * * LOW HITPOINT WARNING * * *
The six-headed hydra bites you!!
You die...

▒··· ▒··· ···
▒··▒ ▒▒▒▒···▒▒▒
···>·····▒▒▒
···········▒
·······@···▒
········D··▒
···········▒
············▒
··········÷÷÷·
············÷··
▒··········P▒▒▒
▒▒·········▒▒


You could see a six-headed hydra.

Vanquished Creatures
  Gastronok (D:9)
  Josephine (D:12)
  Erolcha (D:10)
  A two-headed ogre (D:12)
  A death yak (D:11)
  An unseen horror (D:10)
  Pikel (D:7)
  A cyclops (D:11)
  An ugly thing (D:11)
  A centaur zombie (D:9)
  A centaur skeleton (D:12)
  3 hippogriffs
  6 wraiths (D:12)
  2 basilisks (D:11)
  A vampire (D:10)
  A wyvern (D:11)
  13 yaks
  A human (D:7)
  4 hogs (D:7)
  2 steam dragons (D:9)
  2 hungry ghosts
  Duvessa (D:6)
  3 orc warriors
  2 sky beasts
  An ice beast (D:8)
  An eye of draining (D:12)
  A black bear (D:7)
  3 phantoms
  3 slaves (D:7)
  A necrophage (D:11)
  9 ogres
  2 centaurs
  2 crocodiles
  7 bullfrogs
  Dowan (D:6)
  2 wyvern skeletons
  10 killer bees (D:9)
  4 wights (D:12)
  5 crimson imps
  6 orc priests
  A bullfrog zombie (D:10)
  4 bullfrog skeletons
  A gnoll shaman (D:8)
  5 hounds
  3 iguanas
  Jessica (D:2)
  8 worker ants
  5 orc wizards
  A hound skeleton (D:7)
  17 gnolls
  9 adders
  A shadow imp (D:8)
  2 oozes
  2 adder skeletons
  2 worms
  3 dart slugs (D:1)
  7 leopard geckos
  37 orcs
  3 giant cockroaches
  6 goblins
  4 hobgoblins
  8 jackals
  6 quokkas
  A ball python (D:7)
  12 bats
  6 frilled lizards
  A jackal skeleton (D:4)
  6 kobolds
  A quokka skeleton (D:7)
  7 rats
280 creatures vanquished.

Vanquished Creatures (others)
  A necrophage (D:7)
  A hound (D:7)
  3 jackals (D:7)
  7 fulminant prisms (D:11)
  3 fungi (D:11)
  2 plants (D:11)
  2 withered plants (D:5)
19 creatures vanquished.

Grand Total: 299 creatures vanquished

Notes
Turn   | Place    | Note
-------+----------+-------------------------------------------
     0 | D:1      | Azzok the Octopode Fire Elementalist began the quest for
                  | the Orb.
     0 | D:1      | Reached XP level 1. HP: 11/11 MP: 3/3
   302 | D:1      | Reached XP level 2. HP: 17/17 MP: 0/5
   500 | D:1      | Reached XP level 3. HP: 21/21 MP: 2/6
  1333 | D:2      | Reached XP level 4. HP: 8/27 MP: 0/7
  1593 | D:2      | Learned a level 3 spell: Conjure Flame
  1603 | D:2      | Noticed Jessica
  1609 | D:2      | Killed Jessica
  2057 | D:3      | Reached XP level 5. HP: 31/31 MP: 6/9
  2644 | D:3      | Learned a level 4 spell: Sticky Flame
  2688 | D:3      | Found a bloodstained altar of Trog.
  2688 | D:3      | Found a glowing golden altar of the Shining One.
  2688 | D:3      | Found a snail-covered altar of Cheibriados.
  2689 | D:3      | Found a hazy altar of Hepliaklqana.
  2700 | D:3      | Found a basalt altar of Yredelemnul.
  2700 | D:3      | Found an ornate altar of the Wu Jian Council.
  2710 | D:3      | Reached XP level 6. HP: 28/36 MP: 4/11
  2830 | D:3      | Found a burning altar of Makhleb.
  3128 | D:4      | Noticed a sky beast
  3161 | D:3      | Killed a sky beast
  3348 | D:4      | Reached skill level 5 in Fire Magic
  3389 | D:4      | Reached XP level 7. HP: 27/41 MP: 9/13
  3570 | D:4      | Found a white marble altar of Elyvilon.
  3575 | D:4      | Found an ancient bone altar of Kikubaaqudgha.
  4171 | D:4      | Found a hide-covered altar of Uskayaw.
  4517 | D:5      | Entered Level 5 of the Dungeon
  4569 | D:5      | Reached skill level 5 in Conjurations
  4569 | D:5      | Reached XP level 8. HP: 46/46 MP: 4/15
  4727 | D:5      | Reached skill level 5 in Spellcasting
  4953 | D:5      | Found a runed gate.
  4953 | D:5      | Found a runed gate.
  4953 | D:5      | Found a runed gate.
  4953 | D:5      | Found a staircase to the Ecumenical Temple.
  4953 | D:5      | Noticed galech's ghost (novice DsFi)
  4954 | D:5      | Noticed Tenar's ghost (novice DEFE)
  4967 | Temple   | Entered the Ecumenical Temple
  5062 | Temple   | Became a worshipper of Vehumet
  5594 | D:6      | Learned a level 5 spell: Fireball
  6510 | D:6      | Noticed Duvessa
  6520 | D:6      | Reached XP level 9. HP: 51/51 MP: 8/18
  6598 | D:6      | Noticed Dowan
  6649 | D:6      | Killed Duvessa
  6651 | D:6      | Killed Dowan
  6860 | D:7      | Reached * piety under Vehumet
  6860 | D:7      | Offered knowledge of Sting by Vehumet.
  7185 | D:7      | Noticed Pikel
  7191 | D:7      | Killed Pikel
  8051 | D:7      | Reached XP level 10. HP: 51/56 MP: 3/21
  8601 | D:8      | Offered knowledge of Sandblast by Vehumet.
  8607 | D:8      | Reached ** piety under Vehumet
  9343 | D:9      | Noticed Gastronok
  9513 | D:9      | Killed Gastronok
  9604 | D:9      | Reached skill level 10 in Fire Magic
  9604 | D:9      | Reached XP level 11. HP: 51/61 MP: 6/23
 10065 | D:9      | Found a glowing golden altar of the Shining One.
 10065 | D:9      | Noticed an angel
 10066 | D:9      | Found a runed door.
 10583 | D:10     | Entered Level 10 of the Dungeon
 10743 | D:10     | Noticed Erolcha
 10755 | D:10     | Killed Erolcha
 10755 | D:10     | Reached skill level 10 in Conjurations
 10880 | D:10     | Offered knowledge of Ignite Poison by Vehumet.
 10946 | D:10     | Learned a level 4 spell: Fulminant Prism
 11242 | D:10     | Found Serozyikh's Weapon Shoppe.
 11318 | D:10     | Noticed an unseen horror
 11319 | D:10     | Killed an unseen horror
 11438 | D:10     | Reached *** piety under Vehumet
 11709 | D:10     | Found an opulent altar of Gozag.
 11795 | D:11     | Found Fuborr's General Store.
 12038 | D:11     | Noticed a red ugly thing
 12061 | D:11     | Found a staircase to the Lair.
 12061 | D:11     | Noticed a death yak
 12074 | D:11     | Offered knowledge of Stone Arrow by Vehumet.
 12167 | D:11     | Noticed a cyclops
 12169 | D:11     | Killed a cyclops
 12439 | D:11     | Killed a death yak
 12439 | D:11     | Reached skill level 10 in Spellcasting
 12640 | Lair:1   | Entered Level 1 of the Lair of Beasts
 12644 | Lair:1   | Noticed a six-headed hydra
 12645 | Lair:1   | Reached XP level 12. HP: 66/66 MP: 11/26
 12812 | D:12     | Noticed a two-headed ogre
 12814 | D:12     | Killed a two-headed ogre
 13056 | D:12     | Noticed Josephine
 13060 | D:12     | Killed Josephine
 13237 | D:11     | Reached **** piety under Vehumet
 13596 | D:12     | Found a staircase to the Orcish Mines.
 13730 | Lair:1   | Slain by a six-headed hydra

Vault maps used:
D:1:      noname_arrival_rooms_in_the_neighbourhood
D:2:      uniq_jessica
D:3:      grunt_temple_overflow_open
D:4:      kennysheep_mini_moat, minitemple
D:5:      minmay_temple_entry_statues_pillars, first_ration,
          gammafunk_ghost_cemetery
D:6:      uniq_duvessa
D:7:      corexii_item_surrounded_by_moat, minmay_misc_feat_doors,
          grunt_livestock, uniq_pikel
D:9:      lemuel_angel_altar, uniq_gastronok
D:10:     serial_shops, shop, nicolae_gozag_cash_rules_everything_around_me,
          uniq_erolcha
D:11:     david_lair_generic, lab_entry_generic, serial_shops, shop_statue,
          serial_bayou_pond_d
D:12:     orc_0_dummy, uniq_josephine, uniq_urug, uniq_snorg, uniq_nessos
Temple:   minmay_temple_bridge_abc
Lair:1:   grunt_forest_small_clearings, minmay_holes

Skill      XL: |  1  2  3  4  5  6  7  8  9 10 11 |
---------------+----------------------------------+-----
Conjurations   | 2 3 4 5 6 8 9 11 | 11.5
Fire Magic     | 4 5 7 8 10 11 | 11.8
Spellcasting   | 3 4 6 7 8 10 | 10.7
Dodging        | |  2.0
Stealth        | |  2.7

Action                   |  1- 3 |  4- 6 |  7- 9 | 10-12 || total
-------------------------+-------+-------+-------+-------++-------
Melee: Unarmed           |    13 |       |       |       ||    13
       Constrict         |     5 |     8 |     3 |     5 ||    21
       Tentacles         |     1 |     5 |     3 |     4 ||    13
       Long sword        |     7 |    20 |     4 |       ||    31
       Trident           |       |       |    15 |    37 ||    52
 Cast: Flame Tongue      |    47 |    84 |   210 |   165 ||   506
       Conjure Flame     |       |     1 |    14 |    12 ||    27
       Sticky Flame      |       |     1 |     8 |    25 ||    34
       Fireball          |       |       |     7 |    84 ||    91
       Fulminant Prism   |       |       |       |     7 ||     7
Evoke: Wand              |       |       |       |     2 ||     2
  Use: Scroll            |       |       |     8 |     5 ||    13
 Stab: Sleeping          |     3 |     1 |       |       ||     4
  Eat: Chunk             |     2 |     6 |    17 |    33 ||    58
       Ration            |       |       |       |     1 ||     1
Armor: Skin              |     6 |     3 |     2 |     7 ||    18
Dodge: Dodged            |    31 |    36 |    40 |    63 ||   170
       Rpst.: Long sword |     2 |     7 |    11 |       ||    20

Table legend:
 A = Non-vault XP
 B = Vault XP
 C = Vault XP percentage of total XP
 D = Non-vault monster count
 E = Vault monster count
 F = Vault count percentage of total count
                 A         B        C        D         E       F
            +---------+---------+-------+---------+---------+-------
      Total |   15051 |    8656 |  36.5 |     258 |      21 |   7.5
            +---------+---------+-------+---------+---------+-------
        D:1 |      57 |       0 |   0.0 |      24 |       0 |   0.0
        D:2 |      61 |      37 |  37.8 |      20 |       1 |   4.8
        D:3 |     366 |       0 |   0.0 |      30 |       0 |   0.0
        D:4 |     628 |       0 |   0.0 |      22 |       0 |   0.0
        D:5 |     388 |       0 |   0.0 |       8 |       0 |   0.0
        D:6 |     825 |     211 |  20.4 |      19 |       2 |   9.5
        D:7 |    1008 |    1627 |  61.7 |      22 |       6 |  21.4
        D:8 |     986 |       0 |   0.0 |      25 |       0 |   0.0
        D:9 |    1927 |    2172 |  53.0 |      21 |       1 |   4.5
       D:10 |    2474 |    1012 |  29.0 |      23 |       1 |   4.2
       D:11 |    2967 |    1496 |  33.5 |      28 |       4 |  12.5
       D:12 |    2116 |    2101 |  49.8 |      10 |       6 |  37.5
     Lair:1 |    1248 |       0 |   0.0 |       6 |       0 |   0.0
            +---------+---------+-------+---------+---------+-------
